 Dungeon Crawl Stone Soup version 0.23-a0-577-g2b1de94 (webtiles) character file.

353014 zishaf the Tortoise (level 22, -13/172 HPs)
             Began as a Gnoll Wizard on Dec 13, 2018.
             Was a High Priest of Fedhas.
             Shot with a bolt by a yaktaur captain (29 damage)
             ... on level 3 of the Depths on Dec 14, 2018.
             The game lasted 05:04:09 (67900 turns).

zishaf the Tortoise (Gnoll Wizard)                 Turns: 67900, Time: 05:04:10

Health: -13/172    AC: 32    Str: 16      XL:     22   Next: 26%
Magic:  0/59       EV: 15    Int: 41 (42) God:    Fedhas [*****.]
Gold:   3933       SH: 18    Dex: 10      Spells: 13/52 levels left

rFire    + . .     SeeInvis .   a - +10 trident "Gnoll's Peril" {freeze, +Rage MP+9 Int+5 Dex-4}
rCold    + . .     Gourm    .   G - +0 large shield of the Assorted Stars {MR+ Int+6} (curse)
rNeg     + + .     Faith    .   Z - quicksilver dragon scales
rPois    .         Spirit   +   L - +1 helmet of Depression {rElec MR++ rCorr Int-2}
rElec    +         Reflect  .   Y - +2 cloak {+Inv}
rCorr    +         Harm     .   W - +5 pair of gloves of Osku {rF+ Regen+ MP+9 Stlth-}
MR       +++++                  F - +2 pair of boots {run}
Stlth    ++++......             M - amulet of guardian spirit
HPRegen  0.78/turn              z - ring "Medur" {Wiz rElec rN++ Str+5}
MPRegen  0.36/turn              n - ring "Daokyjo" {rC+ Int+4}

@: studying Armour, quick
A: distributed training, fangs 1, strong nose
}: 2/15 runes: decaying, serpentine
a: Fungal Bloom, Sunlight, Evolution, Growth, Reproduction, Rain, Renounce
Religion, Evoke Berserk Rage, Evoke Invisibility


You were on level 3 of the Depths.
You worshipped Fedhas.
Fedhas was extremely pleased with you.
You were not hungry.

You visited 7 branches of the dungeon, and saw 39 of its levels.
You also visited: Sewer, Ice Cave and Desolation.

You collected 4316 gold pieces.
You spent 383 gold pieces at shops.

Inventory:

Hand Weapons
 a - the +10 trident "Gnoll's Peril" (weapon) {freeze, +Rage MP+9 Int+5 Dex-4}
   (You found it on level 8 of the Dungeon)

   It has been specially enchanted to freeze those struck by it, causing extra
   injury to most foes and up to half again as much damage against particularly
   susceptible opponents.
   It can also slow down cold-blooded creatures.
   It affects your intelligence (+5).
   It affects your dexterity (-4).
   It affects your magic capacity (+9).
   It lets you go berserk.
 b - the +6 hand crossbow "Lifebane" {freeze, rF+ rC+ Str+2}
   (You found it on level 13 of the Dungeon)

   It causes projectiles fired from it to freeze those they strike, causing
   extra injury to most foes and up to half again as much damage against
   particularly susceptible opponents.
   They can also slow down cold-blooded creatures.
   It affects your strength (+2).
   It protects you from fire.
   It protects you from cold.
Missiles
 T - 1444 bolts
Armour
 F - a +2 pair of boots of running (worn)
 G - the cursed +0 large shield of the Assorted Stars (worn) {MR+ Int+6}
   (You found it on level 6 of the Lair of Beasts)

   It affects your intelligence (+6).
   It affects your resistance to hostile enchantments.
   It has a curse placed upon it.
 L - the +1 helmet of Depression (worn) {rElec MR++ rCorr Int-2}
   (You found it on level 13 of the Dungeon)

   It affects your intelligence (-2).
   It insulates you from electricity.
   It affects your resistance to hostile enchantments.
   It provides partial protection from all sources of acid and corrosion.
 W - the +5 pair of gloves of Osku (worn) {rF+ Regen+ MP+9 Stlth-}
   (You found it on level 13 of the Dungeon)

   It protects you from fire.
   It affects your magic capacity (+9).
   It increases your rate of regeneration.
   It makes you less stealthy.
 Y - a +2 cloak of invisibility (worn)
 Z - quicksilver dragon scales (worn)
Jewellery
 n - the ring "Daokyjo" (right hand) {rC+ Int+4}
   (You found it in the Desolation of Salt)

   [ring of intelligence]

   It affects your intelligence (+4).
   It protects you from cold.
 z - the ring "Medur" (left hand) {Wiz rElec rN++ Str+5}
   (You found it on level 1 of the Vaults)

   [ring of wizardry]

   It improves your spell success rate.
   It affects your strength (+5).
   It insulates you from electricity.
   It greatly protects you from negative energy.
 M - an amulet of guardian spirit (around neck)
Wands
 r - a wand of enslavement (7)
 v - a wand of acid (6)
 E - a wand of flame (102)
 I - a wand of digging (6)
 P - a wand of clouds (6)
 Q - a wand of disintegration (39)
 X - a wand of iceblast (22)
Scrolls
 c - 15 scrolls of remove curse
 g - 2 scrolls of fear
 o - 4 scrolls of fog
 q - 8 scrolls of immolation
 x - 4 scrolls of identify
 y - 4 scrolls of magic mapping
 R - a scroll of holy word
 V - a scroll of summoning
Potions
 i - 2 potions of flight
 j - a potion of resistance
 k - 4 potions of agility
 l - a potion of cancellation
 m - 2 potions of mutation
 p - 23 potions of curing
 s - 10 potions of brilliance
 u - 2 potions of berserk rage
 C - 9 potions of lignification
 H - 3 potions of ambrosia
 N - 4 potions of invisibility
 O - 4 potions of haste
Books
 e - a manual of Armour
Miscellaneous
 h - a lamp of fire
 B - a fan of gales
 J - a sack of spiders
 S - a crystal ball of energy
Comestibles
 d - 29 rations


   Skills:
 + Level 14.2 Fighting
 + Level 14.2 Short Blades
 + Level 14.2 Long Blades
 + Level 14.2 Axes
 + Level 14.2 Maces & Flails
 + Level 14.2 Polearms
 + Level 14.2 Staves
 + Level 14.2 Slings
 + Level 14.2 Bows
 + Level 14.2 Crossbows
 + Level 14.2 Throwing
 + Level 16.8 Armour
 + Level 14.8 Dodging
 + Level 14.7 Stealth
 + Level 14.2 Shields
 + Level 14.2 Unarmed Combat
 + Level 15.5 Spellcasting
 + Level 12.4 Conjurations
 + Level 12.3 Hexes
 + Level 12.3 Charms
 + Level 12.4 Summonings
 + Level 12.3 Necromancy
 + Level 12.4 Translocations
 + Level 12.3 Transmutations
 + Level 12.3 Fire Magic
 + Level 12.3 Ice Magic
 + Level 12.3 Air Magic
 + Level 12.3 Earth Magic
 + Level 12.3 Poison Magic
 + Level 15.3 Invocations
 + Level 14.2 Evocations


You had 13 spell levels left.
You knew the following spells:

 Your Spells              Type           Power        Failure   Level  Hunger
a - Magic Dart            Conj           ####         1%          1    None
b - Call Imp              Summ           #######.     1%          2    None
c - Statue Form           Tmut/Erth      #######..    2%          6    None
d - Conjure Flame         Conj/Fire      #######.     1%          3    None
e - Mephitic Cloud        Conj/Pois/Air  #######.     1%          3    None
f - Bolt of Magma         Conj/Fire/Erth #######...   1%          5    None
g - Lee's Rapid Deconstr  Erth           #######...   1%          5    None
h - Freezing Cloud        Conj/Ice/Air   #######...   2%          6    None
i - Shroud of Golubria    Chrm/Tloc      #######...   1%          2    None
r - Blink                 Tloc           N/A          1%          2    None
z - Summon Lightning Spi  Summ/Air       #######.     1%          4    None

Your spell library contained the following spells:

 Spells                   Type           Power        Failure   Level  Hunger
 Apportation              Tloc           ######       1%          1    None
 Corona                   Hex            #######      1%          1    None
 Flame Tongue             Conj/Fire      #####        1%          1    None
 Sting                    Conj/Pois      ####         1%          1    None
 Summon Small Mammal      Summ           ####         1%          1    None
 Ensorcelled Hibernation  Hex/Ice        ######       1%          2    None
 Poisonous Vapours        Pois/Air       ######       1%          2    None
 Slow                     Hex            #######.     1%          2    None
 Call Canine Familiar     Summ           #######.     1%          3    None
 Confuse                  Hex            #######.     1%          3    None
 Dazzling Spray           Conj/Hex       ######       1%          3    None
 Inner Flame              Hex/Fire       #######.     1%          3    None
 Ozocubu's Armour         Chrm/Ice       #######.     1%          3    None
 Stone Arrow              Conj/Erth      ######       1%          3    None
 Summon Guardian Golem    Hex/Summ       #######.     1%          3    None
 Tukima's Dance           Hex            #######.     1%          3    None
 Cause Fear               Hex            #######...   1%          4    None
 Ice Form                 Ice/Tmut       #######.     1%          4    None
 Olgreb's Toxic Radiance  Pois           #######.     1%          4    None
 Sticky Flame             Conj/Fire      #######.     1%          4    None
 Summon Ice Beast         Ice/Summ       #######.     1%          4    None
 Throw Icicle             Conj/Ice       #######.     1%          4    None
 Fireball                 Conj/Fire      #######...   1%          5    None
 Irradiate                Conj/Tmut      #######...   1%          5    None
 Iskenderun's Battlesphe  Conj/Chrm      #######.     1%          5    None
 Lightning Bolt           Conj/Air       #######...   1%          5    None
 Venom Bolt               Conj/Pois      #######...   1%          5    None
 Bolt of Fire             Conj/Fire      #######...   2%          6    None
 Hydra Form               Tmut           #######...   2%          6    None
 Iron Shot                Conj/Erth      #######...   2%          6    None
 Simulacrum               Ice/Necr       #######...   2%          6    None
 Dragon Form              Tmut           #######...   12%         7    ###....
 Malign Gateway           Summ/Tloc      #######...   12%         7    ###....
 Orb of Destruction       Conj           #######...   12%         7    ###....
 Spellforged Servitor     Conj/Summ      #######...   12%         7    ###....
 Ignition                 Fire           #######...   65%         8    #####..
 Dragon's Call            Summ           #######...   100%        9    ######.
 Tornado                  Air            #######...   100%        9    ######.


Dungeon Overview and Level Annotations

Branches:
Dungeon (15/15)            Temple (0/1) D:5            Lair (6/6) D:10
  Swamp (4/4) Lair:3        Snake (4/4) Lair:3        Slime (0/5) Lair:6
    Orc (2/2) D:11            Elf (0/3) Orc:2        Vaults (4/5) D:14
  Crypt (0/3) Vaults:3     Depths (4/5) D:15

Altars:
Cheibriados
Elyvilon
Fedhas
Gozag
Hepliaklqana
Kikubaaqudgha
Makhleb
Okawaru
Ru
Sif Muna
Uskayaw
Vehumet
Xom
Yredelemnul
The Shining One
Beogh

Shops:
D:4 %   D:6 [%=!   D:12 ?   D:13 (   Orc:1 (   Orc:2 ([*=   Snake:2 (

Portals:
Hell: Depths:1 Depths:2 Depths:3 Depths:4
Pandemonium: Depths:1 Depths:2 Depths:3 Depths:4
Trove: D:13 (give +2 gold dragon scales)

Annotations:
D:12 exclusion: downstairs
Vaults:2 3 runed doors, Heceot's ghost, adept DDFi
Depths:4 exclusion: ice statue


Innate Abilities, Weirdness & Mutations

Your experience applies equally to all skills.
You have very sharp teeth.
Your uncanny sense of smell can sniff out nearby items.


Message History

You feel much better.
You block the caustic shrike's attack. x2
As you read the scroll of teleportation, it crumbles to dust.
You feel strangely unstable.
You block the caustic shrike's attack. x2
You block the caustic shrike's attack. The caustic shrike claws you!
* * * LOW HITPOINT WARNING * * *
You are splashed with acid!
The acid burns!
You resist.
* * * LOW HITPOINT WARNING * * *
You block the caustic shrike's attack.
Your surroundings suddenly seem different.
The yaktaur captain shouts!
The yaktaur captain wields a +0 arbalest.
The yaktaur captain shoots a bolt.
The bolt hits you!!
* * * LOW HITPOINT WARNING * * *
You see here a bolt.
You feel better.
You are no longer corroded.
The yaktaur captain shoots a bolt.
The bolt hits you!!
You die...
Fedhas appreciates your contribution to the ecosystem.

...#.'..'.'..##..........#
...#.#''#.#..##..........#
..##'....'##.##..........#
..#∩##'###.#.##..........#
..###....###.##.(........#
'............###[........#
...............'c........#
..###########^##.........#
..# ####@........# ..#
#.(.......# ..#
#.........# ..#
#.........# ..#
#.........# ..#
#.........# ..#
#.........# ###
#.........# ###########


You could see a yaktaur captain.

Vanquished Creatures
  Mennas (Depths:4)
  A juggernaut (Depths:2)
  Nikola (Swamp:3)
  A tentacled monstrosity (Depths:2)
  Asterion (Snake:4)
  2 sphinxes
  Frances (Swamp:2)
  2 tengu reavers
  A storm dragon (D:13)
  A frost giant (Depths:2)
  2 fire giants
  3 vault wardens
  10 nagarajas
  2 imperial myrmidons (Desolation)
  2 orc warlords (Orc:2)
  7 ironheart preservers
  A spriggan defender (Depths:3)
  A balrug (Depths:4)
  10 stone giants
  6 very ugly things
  A deep elf demonologist (Vaults:1)
  A deep elf annihilator (Depths:2)
  Azrael (Orc:2)
  2 halazid warlocks (Desolation)
  8 spark wasps
  A blizzard demon (Depths:4)
  2 ettins (Depths:1)
  2 merfolk impalers
  4 crystal guardians
  5 great orbs of eyes
  Josephine (Lair:5)
  4 fire dragons
  5 yaktaur captains
  5 servants of whispers (Desolation)
  A rakshasa (Depths:2)
  3 ragged hierophants (Desolation)
  5 vault guards
  9 naga warriors
  2 ice dragons
  3 peacekeepers (Desolation)
  A hell beast (Depths:2)
  15 hydras
  A ghost crab (Swamp:4)
  8 centaur warriors
  A spriggan air mage (Depths:3)
  3 death knights
  2 merfolk avatars
  22 two-headed ogres
  5 alligators
  14 anacondas
  7 ogre magi
  5 tengu warriors
  7 deep troll shamans
  A vampire mage (Depths:1)
  Urug (Lair:5)
  3 spriggan berserkers (Depths:3)
  3 shock serpents
  An orc high priest (Orc:2)
  2 naga sharpshooters (Snake:3)
  3 sun demons
  Nergalle (Orc:1)
  3 hell knights
  2 deep elf knights (Vaults:4)
  A sixfirhy (D:12)
  A salamander mystic (Snake:4)
  A shadow wraith (Vaults:2)
  2 iron trolls (Depths:3)
  An unseen horror (shapeshifter) (Vaults:1)
  A flayed ghost (Vaults:4)
  3 naga ritualists
  4 sea snakes
  3 wizards
  A spriggan druid (Depths:3)
  15 deep trolls
  A glowing orange brain (Vaults:1)
  8 ironbrand convokers
  2 unseen horrors (D:15)
  A quicksilver dragon simulacrum (Depths:4)
  A swamp dragon (shapeshifter) (Depths:2)
  10 orc knights
  3 swamp dragons (Swamp:4)
  A frost giant zombie (Depths:1)
  A wolf spider zombie (D:15)
  An orb spider (shapeshifter) (D:15)
  4 necromancers
  12 ugly things
  6 orc sorcerers
  7 deep elf magi
  6 manticores
  4 wolf spiders
  A stone giant zombie (Depths:2)
  7 cyclopes
  5 mana vipers
  The ghost of ezpacito the Covert, a novice OpAs (D:5)
  2 salamanders (shapeshifter) (Depths:2)
  A black mamba (shapeshifter) (Vaults:4)
  2 salamanders
  27 black mambas
  19 spiny frogs
  3 centaur zombies
  2 molten gargoyles (Desolation)
  4 naga magi
  5 elephants
  13 centaur skeletons
  6 vault sentinels
  7 guardian serpents
  A kobold demonologist (D:13)
  2 rime drakes (Lair:1)
  A spark wasp simulacrum (Depths:2)
  3 freezing wraiths
  An ice devil (Depths:4)
  12 komodo dragons
  30 yaktaurs
  4 efreet
  3 tengu conjurers (Depths:3)
  A queen bee (Lair:3)
  A red devil (Depths:4)
  4 meliai
  A hornet (shapeshifter) (Depths:2)
  2 wind drakes (Lair:6)
  Grinder (D:6)
  A polar bear (shapeshifter) (Vaults:2)
  A troll (D:13)
  7 tyrant leeches
  A wolf spider simulacrum (D:15)
  A polar bear (Lair:6)
  32 saltlings (Desolation)
  2 bog bodies (Swamp:3)
  6 hornets
  17 wandering mushrooms
  25 slime creatures
  9 hippogriffs
  A hippogriff (shapeshifter) (D:13)
  9 blink frogs
  10 spriggans
  An orc simulacrum (Vaults:3)
  7 wraiths
  A tarantella (shapeshifter) (Vaults:4)
  21 yaks
  3 shadows
  4 water elementals (Depths:1)
  2 wyverns
  Eustachio (D:6)
  5 basilisks
  2 fire elementals
  A chaos spawn (D:8)
  4 humans (D:10)
  2 hungry ghosts
  A steam dragon (D:8)
  15 vampire mosquitoes
  Menkaure (D:7)
  2 wargs
  6 insubstantial wisps
  10 swamp worms
  20 nagas
  A soldier ant (shapeshifter) (Depths:2)
  3 acid dragons
  6 water moccasins
  A deep troll skeleton (Vaults:3)
  2 hell hounds
  7 porcupines
  2 black bears (shapeshifter) (Vaults:1)
  6 swamp drakes
  A phantom (D:4)
  27 orc warriors
  An ettin simulacrum (Vaults:2)
  5 ice beasts
  A black bear (Lair:1)
  4 sky beasts
  2 necrophages
  3 wolves (Lair:4)
  34 ogres
  8 crocodiles
  13 centaurs
  5 big kobolds
  13 bullfrogs
  A wyvern zombie (D:13)
  4 scorpions
  18 killer bees
  A water moccasin skeleton (D:9)
  6 wights
  An electric eel (Lair:3)
  2 lava snakes (D:8)
  4 crimson imps
  7 jellies
  4 hounds
  18 orc priests
  17 orc wizards
  2 iron imps
  2 bullfrog skeletons
  7 iguanas
  18 worker ants
  A hound zombie (D:8)
  2 hound skeletons
  5 gnolls
  A howler monkey skeleton (D:6)
  13 adders
  4 river rats (Sewer)
  4 shadow imps
  5 oozes (D:8)
  An adder zombie (D:5)
  A worm (D:4)
  6 dart slugs
  5 leopard geckos
  51 orcs
  13 giant cockroaches
  2 goblins (D:1)
  2 hobgoblins
  9 jackals
  5 quokkas
  4 ball pythons (Sewer)
  8 bats
  12 frilled lizards
  A jackal skeleton (D:7)
  29 kobolds
  2 quokka skeletons (D:5)
  6 rats
  3 toadstools (Snake:4)
1188 creatures vanquished.

Vanquished Creatures (collateral kills)
  An ancient lich (Vaults:4)
  Frederick (Vaults:3)
  Margery (Vaults:3)
  A caustic shrike (Depths:4)
  The ghost of Qoluhiar the Devastator, an adept DrFE of Vehumet (Vaults:3)
  A tentacled monstrosity (Swamp:2)
  3 sphinxes
  The ghost of chmiii the Severer, an adept MiBe of Trog (Swamp:3)
  A tengu reaver (Vaults:4)
  9 nagarajas
  3 fire giants (Depths:1)
  4 frost giants
  Aizul (Snake:3)
  An iron dragon (Depths:2)
  3 vault wardens
  3 very ugly things (Depths:1)
  2 stone giants
  A spriggan defender (Depths:3)
  7 ironheart preservers
  A deep elf annihilator (Vaults:1)
  3 ettins
  4 fire dragons
  A ragged hierophant (Desolation)
  7 hydras
  2 rakshasas
  4 servants of whispers (Desolation)
  A yaktaur captain (Depths:1)
  4 great orbs of eyes
  5 naga warriors
  A catoblepas (D:14)
  3 ice dragons
  6 anacondas
  A spriggan air mage (Depths:3)
  9 ogre magi
  5 centaur warriors
  2 death knights
  8 two-headed ogres
  5 tengu warriors
  2 alligators
  4 deep troll earth magi
  5 deep troll shamans
  An orc high priest (Orc:2)
  2 spriggan berserkers
  A death yak (D:10)
  9 naga sharpshooters
  Sonja (D:12)
  3 hell knights (Vaults:3)
  A sun demon (Depths:4)
  A skeletal warrior (D:14)
  An iron troll (Depths:4)
  A glowing orange brain (Depths:1)
  2 spriggan druids
  A sea snake (Lair:6)
  A quicksilver dragon simulacrum (Depths:4)
  A salamander mystic (Snake:4)
  9 deep trolls
  10 naga ritualists
  2 deep elf archers (Vaults:2)
  5 swamp dragons
  5 ironbrand convokers
  6 orc knights
  A glowing orange brain (shapeshifter) (Depths:1)
  2 necromancers
  2 phantasmal warriors (Vaults:4)
  An orc sorcerer (Orc:2)
  8 deep elf magi
  7 mana vipers
  14 ugly things
  A tengu skeleton (Vaults:3)
  2 salamanders (Snake:1)
  2 cyclopes
  6 slime creatures
  13 black mambas
  A manticore (Lair:6)
  5 elephants
  8 naga magi
  4 spiny frogs
  Joseph (D:8)
  3 guardian serpents (Snake:4)
  A rust devil (Depths:2)
  A molten gargoyle (Desolation)
  A centaur skeleton (D:14)
  5 vault sentinels
  6 komodo dragons
  6 freezing wraiths
  2 rime drakes (Lair:6)
  2 efreet (Depths:4)
  2 yaktaur skeletons
  A yaktaur (shapeshifter) (Vaults:3)
  17 yaktaurs
  2 tengu conjurers
  A human skeleton (Vaults:3)
  A troll (Vaults:4)
  A troll (shapeshifter) (Depths:1)
  2 tyrant leeches
  2 meliai (D:13)
  19 saltlings (Desolation)
  6 hornets
  A polar bear (Lair:6)
  Prince Ribbit (D:7)
  A hippogriff (D:13)
  3 bog bodies
  16 spriggans
  A shadow (D:15)
  14 yaks
  2 wraiths (Lair:5)
  2 basilisks (D:10)
  2 wandering mushrooms
  A chaos spawn (D:8)
  A tarantella (shapeshifter) (Vaults:2)
  2 hungry ghosts
  4 vampire mosquitoes
  3 wargs
  5 swamp worms
  25 nagas
  A soldier ant (shapeshifter) (Depths:3)
  An acid dragon (D:13)
  2 water moccasins (Lair:6)
  A porcupine (Lair:4)
  4 hell hounds
  Duvessa (D:7)
  4 swamp drakes (Swamp:4)
  15 ogres
  14 orc warriors
  A spriggan simulacrum (Depths:1)
  An ice beast (D:7)
  2 phantoms
  3 wolves (Lair:4)
  10 centaurs
  3 crocodiles
  A bullfrog (Lair:3)
  Dowan (D:7)
  2 scorpions
  10 killer bees
  5 wights
  A howler monkey (D:13)
  An electric eel (Lair:3)
  A quasit (D:13)
  5 orc priests
  An iguana (D:9)
  5 orc wizards
  A leopard gecko (D:7)
  23 orcs
  10 kobolds
  4 butterflies
  4 pillars of salt (Vaults:1)
  A plant (Depths:3)
  25 toadstools
598 creatures vanquished.

Vanquished Creatures (others)
  4 thorn hunters (Swamp:4)
  2 fire giants
  A ragged hierophant (Desolation)
  3 hydras (Swamp:4)
  4 shambling mangroves
  2 alligators (Swamp:4)
  120 wandering mushrooms
  A spriggan druid (Swamp:4)
  An oklob plant (Lair:6)
  A spiny frog (Swamp:4)
  7 hornets
  A bog body (Lair:3)
  2 spriggans
  A water elemental (Depths:1)
  A wyvern (Lair:6)
  A vampire mosquito (Swamp:2)
  2 insubstantial wisps (Swamp:4)
  A water moccasin (Lair:6)
  2 swamp drakes (Swamp:4)
  An orc warrior (Vaults:3)
  A human (D:9)
  A hound (D:13)
  An orc (Orc:1)
  16 fungi
  A pillar of salt (Vaults:1)
  72 plants
  1535 toadstools
1785 creatures vanquished.

Grand Total: 3571 creatures vanquished

Notes
Turn   | Place    | Note
-------+----------+-------------------------------------------
     0 | D:1      | zishaf the Gnoll Wizard began the quest for the Orb.
     0 | D:1      | Reached XP level 1. HP: 13/13 MP: 8/8
   111 | D:1      | Reached XP level 2. HP: 13/19 MP: 2/10
   151 | D:1      | Learned a level 2 spell: Call Imp
   154 | D:1      | Learned a level 2 spell: Blink
   392 | D:1      | Reached XP level 3. HP: 21/25 MP: 1/11
   815 | D:1      | Reached skill level 1 in Invocations
  1204 | D:2      | Found a basalt altar of Yredelemnul.
  1255 | D:2      | Reached skill level 1 in Fighting
  1255 | D:2      | Reached skill level 1 in Short Blades
  1255 | D:2      | Reached skill level 1 in Long Blades
  1255 | D:2      | Reached skill level 1 in Axes
  1255 | D:2      | Reached skill level 1 in Maces & Flails
  1255 | D:2      | Reached skill level 1 in Polearms
  1255 | D:2      | Reached skill level 1 in Staves
  1255 | D:2      | Reached skill level 1 in Slings
  1255 | D:2      | Reached skill level 1 in Bows
  1255 | D:2      | Reached skill level 1 in Crossbows
  1255 | D:2      | Reached skill level 1 in Throwing
  1255 | D:2      | Reached skill level 1 in Armour
  1255 | D:2      | Reached skill level 1 in Shields
  1255 | D:2      | Reached skill level 1 in Unarmed Combat
  1255 | D:2      | Reached skill level 1 in Evocations
  1613 | D:2      | Reached XP level 4. HP: 32/32 MP: 11/13
  1866 | D:3      | Found a hide-covered altar of Uskayaw.
  2285 | D:3      | Reached skill level 1 in Hexes
  2285 | D:3      | Reached skill level 1 in Charms
  2285 | D:3      | Reached skill level 1 in Necromancy
  2285 | D:3      | Reached skill level 1 in Transmutations
  2285 | D:3      | Reached skill level 1 in Fire Magic
  2285 | D:3      | Reached skill level 1 in Ice Magic
  2285 | D:3      | Reached skill level 1 in Air Magic
  2285 | D:3      | Reached skill level 1 in Earth Magic
  2285 | D:3      | Reached skill level 1 in Poison Magic
  2377 | D:4      | Found a snail-covered altar of Cheibriados.
  2377 | D:4      | Found Pypauf's Food Shop.
  2385 | D:4      | Noticed a phantom
  2457 | D:4      | Reached XP level 5. HP: 35/37 MP: 6/14
  2782 | D:4      | Killed a phantom
  2782 | D:4      | Reached XP level 6. HP: 35/44 MP: 0/16
  3211 | D:4      | Found a shimmering altar of Xom.
  3214 | D:4      | Found an opulent altar of Gozag.
  3216 | D:4      | Found a blossoming altar of Fedhas.
  3216 | D:4      | Found a sacrificial altar of Ru.
  3221 | D:4      | Reached skill level 5 in Dodging
  3235 | D:4      | Became a worshipper of Fedhas Madash
  3300 | D:4      | Found a radiant altar of Vehumet.
  3300 | D:4      | Found a deep blue altar of Sif Muna.
  3419 | D:5      | Entered Level 5 of the Dungeon
  3464 | D:5      | Found a staircase to the Ecumenical Temple.
  3492 | D:5      | Reached skill level 2 in Armour
  3680 | D:5      | Found a transporter.
  3681 | D:5      | Noticed ezpacito's ghost (novice OpAs)
  3685 | D:5      | Learned a level 3 spell: Conjure Flame
  3689 | D:5      | Learned a level 3 spell: Mephitic Cloud
  3738 | D:5      | Found a transporter.
  3824 | D:5      | Reached XP level 7. HP: 50/50 MP: 10/18
  4378 | D:6      | Found a glowing drain.
  4387 | Sewer    | Entered a sewer
  4515 | Sewer    | Reached * piety under Fedhas
  5173 | D:6      | Reached skill level 5 in Stealth
  5203 | D:6      | Found Esuubluo's Distillery.
  5203 | D:6      | Found Liokhlete's Jewellery Shop.
  5204 | D:6      | Found Suetagip's Food Shop.
  5210 | D:6      | Found Quzehaar's Armour Shop.
  5402 | D:6      | Noticed Eustachio
  5445 | D:6      | Killed Eustachio
  5445 | D:6      | Reached XP level 8. HP: 48/57 MP: 5/19
  5504 | D:6      | Noticed Grinder
  5550 | D:6      | Reached skill level 3 in Armour
  5875 | D:6      | Paralysed by Grinder for 5 turns
  5921 | D:6      | Killed Grinder
  6428 | D:7      | Reached ** piety under Fedhas
  6531 | D:7      | Noticed Prince Ribbit
  6541 | D:7      | Killed Prince Ribbit
  6795 | D:7      | Noticed Menkaure
  6808 | D:7      | Killed Menkaure
  7082 | D:7      | Reached XP level 9. HP: 65/65 MP: 11/21
  7317 | D:7      | Noticed Dowan
  7320 | D:7      | Noticed Duvessa
  7343 | D:7      | Killed Dowan
  7348 | D:7      | Killed Duvessa
  7812 | D:8      | Got a warped trident
  7813 | D:8      | Identified the +10 trident "Gnoll's Peril" {freeze, +Rage
                  | MP+9 Int+5 Dex-4} (You found it on level 8 of the Dungeon)
  7840 | D:8      | Noticed Joseph
  7850 | D:8      | Killed Joseph
  7850 | D:8      | Reached skill level 4 in Armour
  8525 | D:8      | Found a glowing golden altar of the Shining One.
  8638 | D:8      | Reached skill level 5 in Invocations
  8650 | D:8      | Found a shimmering altar of Xom.
  8651 | D:8      | Found the +7 mace of Variability {chain chaos}
  8654 | D:8      | You fall through a shaft for 2 floors!
  8654 | D:10     | Entered Level 10 of the Dungeon
  8935 | D:8      | Reached XP level 10. HP: 64/73 MP: 22/22
  9250 | D:8      | Found a hazy altar of Hepliaklqana.
  9790 | D:9      | Found an ancient bone altar of Kikubaaqudgha.
 10080 | D:9      | Found a burning altar of Makhleb.
 10173 | D:9      | Reached skill level 5 in Fighting
 10173 | D:9      | Reached skill level 5 in Short Blades
 10173 | D:9      | Reached skill level 5 in Long Blades
 10173 | D:9      | Reached skill level 5 in Axes
 10173 | D:9      | Reached skill level 5 in Maces & Flails
 10173 | D:9      | Reached skill level 5 in Polearms
 10173 | D:9      | Reached skill level 5 in Staves
 10173 | D:9      | Reached skill level 5 in Slings
 10173 | D:9      | Reached skill level 5 in Bows
 10173 | D:9      | Reached skill level 5 in Crossbows
 10173 | D:9      | Reached skill level 5 in Throwing
 10173 | D:9      | Reached skill level 5 in Armour
 10173 | D:9      | Reached skill level 5 in Shields
 10173 | D:9      | Reached skill level 5 in Unarmed Combat
 10173 | D:9      | Reached skill level 5 in Evocations
 10780 | D:10     | Learned a level 5 spell: Bolt of Magma
 10894 | D:10     | Found an opulent altar of Gozag.
 11195 | D:10     | Noticed a death yak
 11196 | D:10     | Found a staircase to the Lair.
 11230 | D:10     | Reached skill level 5 in Conjurations
 11230 | D:10     | Reached skill level 5 in Summonings
 11230 | D:10     | Reached skill level 5 in Translocations
 11278 | D:10     | Killed a death yak
 11516 | D:11     | Noticed an eight-headed hydra
 11521 | D:11     | Killed an eight-headed hydra
 11614 | D:11     | Noticed a brown ugly thing
 11624 | D:11     | Killed a brown ugly thing
 11624 | D:11     | Reached XP level 11. HP: 81/81 MP: 24/24
 11971 | D:11     | Found a staircase to the Orcish Mines.
 12274 | D:11     | Found a burning altar of Makhleb.
 12297 | D:11     | Noticed a brown ugly thing
 12305 | D:11     | Killed a brown ugly thing
 12555 | D:11     | Reached skill level 6 in Armour
 12831 | D:12     | Found a runed door.
 12863 | D:12     | Reached skill level 5 in Hexes
 12863 | D:12     | Reached skill level 5 in Charms
 12863 | D:12     | Reached skill level 5 in Necromancy
 12863 | D:12     | Reached skill level 5 in Transmutations
 12863 | D:12     | Reached skill level 5 in Fire Magic
 12863 | D:12     | Reached skill level 5 in Ice Magic
 12863 | D:12     | Reached skill level 5 in Air Magic
 12863 | D:12     | Reached skill level 5 in Earth Magic
 12863 | D:12     | Reached skill level 5 in Poison Magic
 13032 | D:12     | Found Tiuthroh's Magic Scroll Emporium.
 13099 | D:12     | Noticed a sixfirhy
 13443 | D:12     | Noticed a two-headed ogre
 13450 | D:12     | Killed a two-headed ogre
 13581 | D:12     | Noticed Sonja
 13592 | D:12     | Killed Sonja
 13970 | D:13     | Noticed a tengu warrior
 13980 | D:13     | Killed a tengu warrior
 14020 | D:13     | Noticed a five-headed hydra
 14022 | D:13     | Noticed a centaur warrior
 14034 | D:13     | Killed a five-headed hydra
 14040 | D:13     | Noticed a deep troll
 14047 | D:13     | Killed a centaur warrior
 14059 | D:13     | Killed a deep troll
 14059 | D:13     | Reached XP level 12. HP: 18/89 MP: 9/25
 14366 | D:13     | Got an ancient hand crossbow
 14367 | D:13     | Identified the Volume of Fire
 14374 | D:13     | Identified the +6 hand crossbow "Lifebane" {freeze, rF+ rC+
                  | Str+2} (You found it on level 13 of the Dungeon)
 14507 | D:13     | Found Buenejae's Weapon Shoppe.
 14906 | D:13     | Reached skill level 10 in Spellcasting
 15449 | D:13     | Reached skill level 7 in Armour
 15770 | D:13     | HP: 4/91 [meliai/+0 hand axe (6)]
 15771 | D:12     | HP: 1/91 [poisoned by a meliai]
 15904 | D:12     | HP: 3/91 [meliai/divine providence (10)]
 16334 | Lair:1   | Entered Level 1 of the Lair of Beasts
 16362 | Lair:1   | Found a frozen archway.
 16379 | IceCv    | Entered an ice cave
 16392 | IceCv    | Found a transporter.
 16403 | IceCv    | Got a bloodstained trident
 16663 | Lair:1   | Noticed a five-headed hydra
 16675 | Lair:1   | Killed a five-headed hydra
 16983 | Lair:1   | Identified the +1 trident of Winter {elec, *Rage rF+ Str+6}
                  | (You found it in an ice cave)
 18434 | Lair:2   | Reached XP level 13. HP: 98/98 MP: 27/27
 19439 | Lair:3   | Got an encrusted leather armour
 19480 | Lair:3   | Identified the +1 leather armour "Ajiar" {Str+3} (You found
                  | it on level 3 of the Lair of Beasts)
 20697 | Lair:3   | Found a staircase to the Snake Pit.
 20734 | Lair:3   | Learned a level 4 spell: Summon Lightning Spire
 21062 | Lair:3   | Reached skill level 8 in Armour
 21091 | Lair:3   | Got a distressingly furry ring mail
 21149 | Lair:2   | Identified the +1 ring mail of Tender Moments {-Cast rF+
                  | rCorr Dex+3} (You found it on level 3 of the Lair of
                  | Beasts)
 21980 | Lair:3   | Found a staircase to the Swamp.
 23436 | Lair:5   | Noticed Urug
 23451 | Lair:5   | Killed Urug
 23678 | Lair:5   | Noticed Josephine
 23844 | Lair:5   | Killed Josephine
 24816 | D:6      | Bought a +0 shield for 58 gold pieces
 25273 | Lair:6   | Entered Level 6 of the Lair of Beasts
 25624 | Lair:6   | Reached XP level 14. HP: 83/106 MP: 29/29
 25970 | Lair:6   | Got a warped large shield
 25992 | Lair:6   | Identified the cursed +0 large shield of the Assorted Stars
                  | {MR+ Int+6} (You found it on level 6 of the Lair of Beasts)
 26248 | Lair:6   | Reached skill level 10 in Dodging
 26360 | Lair:6   | Identified the Collected Works on Unstable Orientation
 26880 | Lair:6   | Found a staircase to the Slime Pits.
 28212 | D:12     | Reached skill level 9 in Armour
 28687 | D:13     | Found a portal to a secret trove of treasure.
 29240 | D:5      | Killed ezpacito's ghost
 29637 | D:13     | Reached skill level 10 in Stealth
 30015 | D:13     | Reached skill level 10 in Invocations
 30050 | D:13     | Noticed a storm dragon
 30058 | D:13     | Noticed a frost giant
 30063 | D:13     | Noticed a frost giant
 30457 | D:13     | Noticed a frost giant
 30495 | D:13     | Killed a frost giant
 30793 | D:13     | Killed a frost giant
 30845 | D:13     | Killed a frost giant
 31491 | Orc:1    | Entered Level 1 of the Orcish Mines
 31760 | Orc:2    | Entered Level 2 of the Orcish Mines
 31957 | Orc:2    | Noticed an orc warlord
 31959 | Orc:1    | Noticed Nergalle
 32314 | Orc:2    | Killed an orc warlord
 32452 | Orc:2    | Noticed Azrael
 33091 | Orc:2    | Killed Azrael
 33723 | Orc:2    | Reached XP level 15. HP: 84/114 MP: 21/30
 33749 | Orc:2    | Noticed an orc warlord
 33768 | Orc:2    | Killed an orc warlord
 33783 | Orc:2    | Found a roughly hewn altar of Beogh.
 33829 | Orc:2    | Found Eqonun's Antique Armour Shop.
 33864 | Orc:2    | Found Jutyuklon's Antique Weapon Shop.
 34276 | Orc:2    | Found a staircase to the Elven Halls.
 34320 | Orc:2    | Found Loacuine's Jewellery Shop.
 34335 | Orc:2    | Found Cimo's General Store.
 34342 | Orc:2    | Bought a potion of heal wounds for 65 gold pieces
 34897 | Orc:1    | Killed Nergalle
 35147 | Orc:1    | Found Reshra Qiecs's Weapon Emporium.
 35180 | Orc:1    | Found an iron altar of Okawaru.
 35594 | D:13     | Killed a storm dragon
 35810 | D:13     | Got a steaming helmet
 35811 | D:13     | Identified Xaywim's Collected Works on the Snowflakes and
                  | Earth
 35814 | D:13     | Got a pair of encrusted gloves
 35830 | D:13     | Identified the +5 pair of gloves of Osku {rF+ Regen+ MP+9
                  | Stlth-} (You found it on level 13 of the Dungeon)
 35840 | D:13     | Identified the +1 helmet of Depression {rElec MR++ rCorr
                  | Int-2} (You found it on level 13 of the Dungeon)
 36474 | D:14     | Found a gate to the Vaults.
 37138 | D:15     | Entered Level 15 of the Dungeon
 37204 | D:15     | Reached skill level 10 in Fighting
 37204 | D:15     | Reached skill level 10 in Short Blades
 37204 | D:15     | Reached skill level 10 in Long Blades
 37204 | D:15     | Reached skill level 10 in Axes
 37204 | D:15     | Reached skill level 10 in Maces & Flails
 37204 | D:15     | Reached skill level 10 in Polearms
 37204 | D:15     | Reached skill level 10 in Staves
 37204 | D:15     | Reached skill level 10 in Slings
 37204 | D:15     | Reached skill level 10 in Bows
 37204 | D:15     | Reached skill level 10 in Crossbows
 37204 | D:15     | Reached skill level 10 in Throwing
 37204 | D:15     | Reached skill level 10 in Armour
 37204 | D:15     | Reached skill level 10 in Shields
 37204 | D:15     | Reached skill level 10 in Unarmed Combat
 37204 | D:15     | Reached skill level 10 in Evocations
 37606 | D:15     | Found a runed warning-scrawled door.
 37618 | D:15     | Found a runed door.
 37619 | D:15     | Found a runed door.
 37854 | D:15     | Found a staircase to the Depths.
 38077 | D:15     | Got an encrusted whip
 38098 | D:15     | Found a blossoming altar of Fedhas.
 39161 | D:6      | Bought an uncursed ring of poison resistance for 260 gold
                  | pieces
 39366 | Swamp:1  | Entered Level 1 of the Swamp
 39818 | Swamp:1  | Reached XP level 16. HP: 117/122 MP: 32/32
 40001 | Swamp:1  | Identified the +8 whip of Fury {flame, rElec SInv} (You
                  | found it on level 15 of the Dungeon)
 40022 | Swamp:1  | Reached *** piety under Fedhas
 40464 | Swamp:2  | Noticed Frances
 40537 | Swamp:2  | Noticed a tentacled monstrosity
 41016 | Swamp:2  | Killed a tentacled monstrosity
 41429 | Swamp:2  | Killed Frances
 42451 | Swamp:3  | Found a runed gate.
 42529 | Swamp:3  | Noticed Nikola
 42544 | Swamp:3  | Killed Nikola
 42722 | Swamp:3  | Found a runed gate.
 42726 | Swamp:3  | Noticed chmiii's ghost (adept MiBe)
 42727 | Swamp:3  | Found a runed gate.
 42894 | Swamp:4  | Entered Level 4 of the Swamp
 42898 | Swamp:4  | Noticed a thorn hunter
 43206 | Swamp:3  | Killed chmiii's ghost
 43222 | Swamp:3  | Got an encrusted war axe
 43226 | Swamp:3  | Identified the cursed +0 war axe "Yfonu" {freeze, +Blink}
                  | (You found it on level 3 of the Swamp)
 43714 | Snake:1  | Entered Level 1 of the Snake Pit
 43743 | Snake:1  | Found a white marble altar of Elyvilon.
 43972 | Snake:1  | Reached skill level 11 in Armour
 44382 | Snake:1  | Learned a level 5 spell: Lee's Rapid Deconstruction
 44389 | Snake:1  | Learned a level 6 spell: Freezing Cloud
 44649 | Snake:2  | Found Gashrez's Antique Weapon Boutique.
 44963 | Snake:2  | Reached XP level 17. HP: 131/131 MP: 33/33
 45013 | Snake:2  | You fall through a shaft!
 47004 | Snake:3  | Noticed Aizul
 47015 | Snake:3  | Killed Aizul
 47415 | Snake:4  | Entered Level 4 of the Snake Pit
 47756 | Snake:4  | Reached skill level 12 in Armour
 47756 | Snake:4  | Reached skill level 10 in Conjurations
 47756 | Snake:4  | Reached skill level 10 in Summonings
 47756 | Snake:4  | Reached skill level 10 in Translocations
 48520 | Snake:4  | Noticed Asterion
 48546 | Snake:4  | Killed Asterion
 49228 | Snake:4  | Reached skill level 10 in Hexes
 49228 | Snake:4  | Reached skill level 10 in Charms
 49228 | Snake:4  | Reached skill level 10 in Necromancy
 49228 | Snake:4  | Reached skill level 10 in Transmutations
 49228 | Snake:4  | Reached skill level 10 in Fire Magic
 49228 | Snake:4  | Reached skill level 10 in Ice Magic
 49228 | Snake:4  | Reached skill level 10 in Air Magic
 49228 | Snake:4  | Reached skill level 10 in Earth Magic
 49228 | Snake:4  | Reached skill level 10 in Poison Magic
 49298 | Snake:4  | Reached XP level 18. HP: 102/139 MP: 35/35
 49339 | Snake:4  | Reached **** piety under Fedhas
 49660 | Snake:4  | Got a serpentine rune of Zot
 50556 | Swamp:4  | Got a decaying rune of Zot
 50604 | Swamp:4  | Reached skill level 13 in Armour
 51187 | Vaults:1 | Entered Level 1 of the Vaults
 51454 | Vaults:1 | Found a ruined gateway.
 51483 | Vaults:1 | Got a shimmering glass ring
 51487 | Vaults:1 | Identified the ring "Medur" {Wiz rElec rN++ Str+5} (You
                  | found it on level 1 of the Vaults)
 51517 | Desolati | Entered the Desolation of Salt
 51707 | Desolati | Got a dazzling mace
 51708 | Desolati | Identified the +2 mace "Faroav" {crush, Str+3 Int+2} (You
                  | found it in the Desolation of Salt)
 51715 | Desolati | Got a dazzling buckler
 51716 | Desolati | Identified the +1 buckler of Muesm {rPois Int+7} (You found
                  | it in the Desolation of Salt)
 51718 | Desolati | Got a heavily runed golden ring
 51719 | Desolati | Identified the ring of the Burgomaster {*Drain rElec rC+
                  | rN+ Stlth+} (You found it in the Desolation of Salt)
 51991 | Desolati | Identified the Guide on Flying Attacks
 52002 | Desolati | Learned a level 6 spell: Statue Form
 52074 | Desolati | HP: 7/140 [guardian serpent/bolt of poison (3)]
 52075 | Desolati | HP: 3/140 [poisoned by a guardian serpent (bolt of poison)]
 52076 | Desolati | HP: 1/140 [poisoned by a guardian serpent (bolt of poison)]
 52454 | Desolati | Got a crude steel ring
 52456 | Desolati | Got a scorched whip
 52457 | Desolati | Identified the ring "Daokyjo" {rC+ Int+4} (You found it in
                  | the Desolation of Salt)
 52458 | Desolati | Identified the +6 whip "Qoalaommo" {drain, rPois rN+ Dex+3
                  | SInv} (You found it in the Desolation of Salt)
 52469 | Desolati | Got a clouded lead ring
 52470 | Desolati | Identified the ring of the Barracuda {*Tele Str+2} (You
                  | found it in the Desolation of Salt)
 52715 | Desolati | Reached XP level 19. HP: 136/147 MP: 36/36
 52884 | Desolati | Got a scorched dagger
 52885 | Desolati | Identified the +9 dagger of the Trees {freeze, Int+2 Dex+3
                  | Stlth-} (You found it in the Desolation of Salt)
 52914 | Desolati | Got a scorched long sword
 53234 | Vaults:1 | Identified the +2 long sword of the Fulmar {holy, rPois
                  | Str+4} (You found it in the Desolation of Salt)
 53359 | Vaults:1 | Got a pitted dagger
 53734 | Vaults:1 | Reached skill level 14 in Armour
 54294 | Vaults:1 | Upgraded the game from 0.23-a0-573-g25f4479 to
                  | 0.23-a0-577-g2b1de94
 55818 | Vaults:2 | Found a runed gate.
 55818 | Vaults:2 | Found a runed gate.
 55818 | Vaults:2 | Found a runed gate.
 55819 | Vaults:2 | Noticed a lich
 55820 | Vaults:2 | Noticed Heceot's ghost (adept DDFi)
 56068 | Vaults:3 | Noticed Frederick
 56080 | Vaults:3 | Killed Frederick
 56334 | Vaults:3 | Noticed Margery
 56344 | Vaults:3 | Killed Margery
 57584 | Vaults:3 | Reached XP level 20. HP: 136/155 MP: 38/38
 57747 | Vaults:3 | Got a blackened leather armour
 57759 | Vaults:3 | Identified the +2 leather armour of True Grit {Stlth+} (You
                  | found it on level 3 of the Vaults)
 57789 | Vaults:3 | Found a runed door.
 57789 | Vaults:3 | Noticed Qoluhiar's ghost (adept DrFE)
 57818 | Vaults:3 | Killed Qoluhiar's ghost
 58277 | Vaults:3 | Found a staircase to the Crypt.
 58690 | Vaults:4 | Reached skill level 15 in Armour
 58704 | Vaults:4 | Learned a level 2 spell: Shroud of Golubria
 58798 | Vaults:4 | Reached ***** piety under Fedhas
 59345 | Vaults:3 | Identified a scroll of acquirement
 59359 | Vaults:3 | Identified a +1 pair of boots of running (You acquired it
                  | on level 3 of the Vaults)
 59668 | Vaults:4 | Noticed an ancient lich
 60424 | Vaults:4 | Killed an ancient lich
 61883 | Depths:1 | Entered Level 1 of the Depths
 62438 | Depths:1 | Found a gateway to Hell.
 62600 | Depths:1 | Reached XP level 21. HP: 163/163 MP: 39/39
 62788 | Depths:1 | Found a one-way gate leading to the halls of Pandemonium.
 62830 | Depths:1 | Reached skill level 15 in Spellcasting
 62879 | Depths:1 | Found a shimmering altar of Xom.
 63483 | Depths:2 | Reached skill level 16 in Armour
 64416 | Depths:2 | Found a runed door.
 64459 | Depths:2 | Found a runed door.
 64469 | Depths:2 | Noticed a juggernaut
 64741 | Depths:2 | Reached skill level 15 in Invocations
 65038 | Depths:2 | Killed a juggernaut
 65178 | Depths:2 | Got a scorched arbalest
 65185 | Depths:2 | Identified the cursed +1 arbalest of Indomitability {venom,
                  | MR++ Str+5 Int-2} (You found it on level 2 of the Depths)
 66821 | Depths:3 | Reached XP level 22. HP: 172/172 MP: 41/41
 67389 | Depths:4 | Noticed Mennas
 67478 | Depths:4 | Killed Mennas
 67721 | Depths:4 | Found an iron altar of Okawaru.
 67746 | Depths:4 | Noticed a caustic shrike
 67747 | Depths:4 | Noticed a caustic shrike
 67748 | Depths:4 | Noticed a caustic shrike
 67749 | Depths:4 | Noticed a caustic shrike
 67754 | Depths:4 | Noticed a caustic shrike
 67756 | Depths:4 | Killed a caustic shrike
 67797 | Depths:4 | Noticed a caustic shrike
 67802 | Depths:4 | Noticed a caustic shrike
 67804 | Depths:4 | Noticed a golden dragon
 67820 | Depths:4 | Found a hide-covered altar of Uskayaw.
 67898 | Depths:3 | HP: 7/172 [yaktaur captain/bolt (25)]
 67900 | Depths:3 | Shot with a bolt by a yaktaur captain

Vault maps used:
D:1:      sevenhm_arrival_forest_fort_small_3, chequers_serial_rivers_micro_b
D:2:      yredelemnul_altar_generic
D:3:      eat_drink_and_be_merry_uskayaw, first_ration
D:4:      kennysheep_slug_shrine, grunt_temple_overflow_open,
          gammafunk_temple_overflow_elements, serial_shops, shop,
          minmay_checkerbox
D:5:      temple_fountains, gammafunk_ghost_arena, roderic_lattice_a
D:6:      portal_sewer_entry_f, minmay_shop_grid_forest, uniq_eustachio,
          uniq_grinder
D:7:      uniq_duvessa, uniq_menkaure, uniq_prince_ribbit1
D:8:      kennysheep_mini, nicolae_overflow_hidden_temple,
          chequers_serial_rivers_room_a, hangedman_little_slice_of_home,
          kennysheep_big_empty_room, minmay_guarded_unrand_variability,
          uniq_joseph
D:9:      marbit_many_paths, tgw_kikubaaqudgha
D:10:     david_lair_generic, basic_altar, minmay_ruffians
D:11:     orc_0_dummy, basic_altar
D:12:     cheibrodos_shockbox, serial_shops, shop, uniq_sonja
D:13:     minmay_nested_s, serial_shops, shop, enter_trove_1, chequers_garden
D:14:     hangedman_vaults_entry_quadrant_bands
D:15:     grunt_enter_depths_magical_seal, fedhas_altar_4, mikee_hates_you
Lair:1:   portal_ice_cave_rime, infiniplex_staircase_pool_2, grunt_megastairs_2
Lair:3:   nicolae_swamp_entry_splash_gauntlet, minmay_snake_entry_spellcaster,
          serial_bayou_shore_b
Lair:5:   lemuel_fruit_fields, uniq_josephine, uniq_urug
Lair:6:   gammafunk_lair_ancient_temple, minmay_slime_entry_oklob_enclosed,
          lookout_lair_type, lemuel_fruit_fields, lemuel_fruit_fields,
          minmay_lair_oklob_chamber
Swamp:1:  hangedman_swamp_ruin_hall
Swamp:2:  serial_swamp_ruin, evilmike_swamp_ruin_house_3,
          evilmike_swamp_ruin_rubble_1, uniq_frances
Swamp:3:  gammafunk_ghost_hydra_chop, evilmike_swamp_ruin_house_5, uniq_nikola
Swamp:4:  swamp
Snake:1:  basic_altar, nicolae_snake_salamander_stairs
Snake:2:  serial_shops, nicolae_shop_statue_plus
Snake:3:  nicolae_aizul_guard, serial_bayou_shore_a, lemuel_fruit_tree
Snake:4:  johnstein_snake_rune_scales, uniq_asterion
Orc:1:    serial_shops, shop, okawaru_metal_pillars_1_2, uniq_nergalle
Orc:2:    grunt_orc_cross, uniq_azrael
Vaults:1: v_rooms_6, nicolae_vaults_quadrants, hangedman_vaults_trim,
          nicolae_vaults_back_hallway, nicolae_vaults_circle_grid_a,
          ontoclasm_vaults_claustrophobia, v_alt_pattern_3,
          hangedman_vaults_nails, nicolae_vaults_little_squares_3,
          vaults_room_grunt_arrival_ludios, ontoclasm_vaults_gateway,
          vaults_room_grid, portal_desolation_entry_garden
Vaults:2: gammafunk_vaults_ghost_necromancy, hangedman_vaults_capsules,
          ontoclasm_vaults_ring_small, v_pattern_3, nicolae_vaults_puzzle_piece,
          vaults_room_corners, nicolae_vaults_little_ls, v_misc_27,
          v_alt_pattern_5, v_misc_22, v_misc_13, nicolae_vaults_shelves_hall,
          vaults_mumra_lcd
Vaults:3: gammafunk_vaults_ghost_grave, ontoclasm_vaults_decontamination,
          grunt_vaults_swirl, vaults_room_fours, hangedman_vaults_stagger,
          dummy_crypt_entry, uniq_frederick, uniq_margery
Vaults:4: ontoclasm_vaults_chip, vaults_mumra_minichess_inversion,
          nicolae_vaults_murderbox, v_rooms_3, nicolae_vaults_little_squares_4,
          vaults_room_pool, vaults_room_pool, nicolae_vaults_mini_display_case,
          grunt_vaults_hallway_short, grunt_vaults_funnel,
          hangedman_vaults_maws, vaults_room_semicircle
Depths:1: hell_entry, pan_entry, basic_altar, minmay_curled_crystal,
          minmay_misc_feat_ornament, moated_statue, nicolae_sextant,
          minmay_pinched_square
Depths:2: minmay_the_grid_triangle_9x9_rhombus_full, grunt_pan_entry_sceptre,
          grunt_mini_vestibule, kennysheep_path_1, firewood_loft,
          infiniplex_staircase_x
Depths:3: minmay_spriggan_fort, pf_vacation_house_of_asmodeus,
          minmay_misc_feat_enclosed, rand_demon_pan_entry_7,
          serial_sigils_hangedman_etch
Depths:4: grunt_profane_halls, hell_entry, abyss_entry, pan_entry, uniq_mennas
Sewer:    sewer_co_cracked_pipes
IceCv:    ice_cave_statue_garden_transporter

Skill      XL: |  1  2  3  4  5  6  7  8  9 10 11 12 13 14 15 16 17 18 19 20 21 |
---------------+----------------------------------------------------------------+-----
Conjurations   | 2 3 4 5 6 7 8 9 10 11 12 | 12.4
Summonings     | 2 3 4 5 6 7 8 9 10 11 12 | 12.4
Translocations | 2 3 4 5 6 7 8 9 10 11 12 | 12.4
Invocations    | 1 2 3 4 5 6 7 8 9 10 11 12 13 14 15 | 15.3
Fighting       | 1 2 3 4 5 6 7 8 9 10 11 12 13 14 | 14.2
Short Blades   | 1 2 3 4 5 6 7 8 9 10 11 12 13 14 | 14.2
Long Blades    | 1 2 3 4 5 6 7 8 9 10 11 12 13 14 | 14.2
Axes           | 1 2 3 4 5 6 7 8 9 10 11 12 13 14 | 14.2
Maces & Flails | 1 2 3 4 5 6 7 8 9 10 11 12 13 14 | 14.2
Polearms       | 1 2 3 4 5 6 7 8 9 10 11 12 13 14 | 14.2
Staves         | 1 2 3 4 5 6 7 8 9 10 11 12 13 14 | 14.2
Slings         | 1 2 3 4 5 6 7 8 9 10 11 12 13 14 | 14.2
Bows           | 1 2 3 4 5 6 7 8 9 10 11 12 13 14 | 14.2
Crossbows      | 1 2 3 4 5 6 7 8 9 10 11 12 13 14 | 14.2
Throwing       | 1 2 3 4 5 6 7 8 9 10 11 12 13 14 | 14.2
Armour         | 1 2 3 4 5 6 7 8 9 10 11 12 13 14 15 16 | 16.8
Shields        | 1 2 3 4 5 6 7 8 9 10 11 12 13 14 | 14.2
Unarmed Combat | 1 2 3 4 5 6 7 8 9 10 11 12 13 14 | 14.2
Evocations     | 1 2 3 4 5 6 7 8 9 10 11 12 13 14 | 14.2
Hexes          | 1 2 3 4 5 6 7 8 9 10 11 12 | 12.3
Charms         | 1 2 3 4 5 6 7 8 9 10 11 12 | 12.3
Necromancy     | 1 2 3 4 5 6 7 8 9 10 11 12 | 12.3
Transmutations | 1 2 3 4 5 6 7 8 9 10 11 12 | 12.3
Fire Magic     | 1 2 3 4 5 6 7 8 9 10 11 12 | 12.3
Ice Magic      | 1 2 3 4 5 6 7 8 9 10 11 12 | 12.3
Air Magic      | 1 2 3 4 5 6 7 8 9 10 11 12 | 12.3
Earth Magic    | 1 2 3 4 5 6 7 8 9 10 11 12 | 12.3
Poison Magic   | 1 2 3 4 5 6 7 8 9 10 11 12 | 12.3
Dodging        | 5 6 7 8 9 10 11 12 13 14 | 14.8
Stealth        | 5 6 7 8 9 10 11 12 13 14 | 14.7
Spellcasting   | 8 9 10 11 12 13 14 15 | 15.5

Action                   |  1- 3 |  4- 6 |  7- 9 | 10-12 | 13-15 | 16-18 | 19-21 | 22-24 || total
-------------------------+-------+-------+-------+-------+-------+-------+-------+-------++-------
Melee: Dagger            |    16 |    17 |    76 |       |       |       |       |       ||   109
       Bite              |       |       |    14 |    34 |    79 |    65 |   173 |    11 ||   376
       Punch             |       |       |     1 |     8 |     5 |       |       |       ||    14
       Trident           |       |       |    83 |   580 |  1282 |  1156 |  1782 |   182 ||  5065
       Short sword       |       |       |     4 |       |       |       |       |       ||     4
 Fire: Hand crossbow     |       |       |       |       |   156 |    93 |    66 |       ||   315
 Cast: Magic Dart        |    81 |   147 |   211 |       |       |       |       |       ||   439
       Call Imp          |       |     2 |       |       |    11 |     3 |     2 |       ||    18
       Conjure Flame     |       |       |     7 |       |       |       |       |       ||     7
       Mephitic Cloud    |       |       |     1 |       |       |       |       |       ||     1
       Blink             |       |       |     1 |       |     4 |     3 |       |       ||     8
       Bolt of Magma     |       |       |       |       |    16 |     9 |    10 |     2 ||    37
       Summon Lightning  |       |       |       |       |    35 |   148 |   169 |    17 ||   369
       Lee's Rapid Decon |       |       |       |       |       |     6 |     4 |       ||    10
       Freezing Cloud    |       |       |       |       |       |     2 |    24 |     3 ||    29
       Statue Form       |       |       |       |       |       |       |     1 |       ||     1
       Shroud of Golubri |       |       |       |       |       |       |    11 |       ||    11
Invok: Fungal Bloom      |       |     3 |    31 |    49 |   115 |    81 |   101 |     5 ||   385
       Evolution         |       |       |     6 |    21 |    45 |    46 |    27 |     2 ||   147
       Sunlight          |       |       |       |       |     1 |     1 |       |       ||     2
Evoke: Wand              |       |       |       |       |     2 |     5 |     1 |       ||     8
       Fan of gales      |       |       |       |       |       |     1 |       |       ||     1
       Box of beasts     |       |       |       |       |       |       |     2 |       ||     2
       Lamp of fire      |       |       |       |       |       |       |     1 |       ||     1
       Sack of spiders   |       |       |       |       |       |       |       |     1 ||     1
  Use: Scroll            |       |     4 |    10 |    13 |    13 |    21 |     9 |     6 ||    76
       Potion            |       |       |       |     5 |     5 |     9 |     2 |     8 ||    29
 Stab: Sleeping          |       |     1 |    10 |    24 |    16 |    14 |    20 |     1 ||    86
       Confused          |       |       |     1 |     2 |    18 |    17 |     7 |       ||    45
       Distracted        |       |       |       |       |     5 |    28 |    32 |     3 ||    68
       Petrified         |       |       |       |       |     2 |       |       |       ||     2
       Paralysed         |       |       |       |       |       |     1 |       |       ||     1
  Eat: Chunk             |     2 |     6 |    13 |    11 |    15 |     6 |    20 |     3 ||    76
       Ration            |       |       |     1 |     6 |    16 |    12 |     7 |       ||    42
Armor: Robe              |     5 |       |       |       |       |       |       |       ||     5
       Leather armour    |       |    11 |    47 |     3 |       |       |       |       ||    61
       Ring mail         |       |       |       |   170 |   428 |   150 |       |       ||   748
       Quicksilver drago |       |       |       |       |       |   268 |   343 |    95 ||   706
Dodge: Dodged            |    34 |    35 |   136 |   282 |   497 |   409 |   342 |   101 ||  1836
Block: Shield            |       |       |       |       |    41 |       |       |       ||    41
       Large shield      |       |       |       |       |   487 |   801 |   794 |   193 ||  2275

Table legend:
 A = Non-vault XP
 B = Vault XP
 C = Vault XP percentage of total XP
 D = Non-vault monster count
 E = Vault monster count
 F = Vault count percentage of total count
                 A         B        C        D         E       F
            +---------+---------+-------+---------+---------+-------
      Total |  320155 |  304882 |  48.8 |    1081 |     659 |  37.9
            +---------+---------+-------+---------+---------+-------
        D:1 |      62 |       0 |   0.0 |      30 |       0 |   0.0
        D:2 |      20 |       0 |   0.0 |       6 |       0 |   0.0
        D:3 |      51 |       0 |   0.0 |      18 |       0 |   0.0
        D:4 |     104 |     221 |  68.0 |       7 |       5 |  41.7
        D:5 |     215 |     661 |  75.5 |      13 |       4 |  23.5
        D:6 |     742 |     508 |  40.6 |      18 |       7 |  28.0
        D:7 |     257 |     398 |  60.8 |      14 |       4 |  22.2
        D:8 |    1550 |     683 |  30.6 |      23 |      11 |  32.4
        D:9 |     661 |      33 |   4.8 |      19 |       1 |   5.0
       D:10 |    1047 |    1787 |  63.1 |      18 |       8 |  30.8
       D:11 |    2942 |       0 |   0.0 |      37 |       0 |   0.0
       D:12 |    2779 |    1553 |  35.8 |      30 |       2 |   6.2
       D:13 |    7199 |   17714 |  71.1 |      52 |      55 |  51.4
       D:14 |    6541 |    4751 |  42.1 |      23 |      18 |  43.9
       D:15 |   20747 |    6519 |  23.9 |      40 |      12 |  23.1
     Lair:1 |    3979 |     995 |  20.0 |      18 |       4 |  18.2
     Lair:2 |    6248 |     310 |   4.7 |      30 |       5 |  14.3
     Lair:3 |    2069 |    2410 |  53.8 |       8 |      26 |  76.5
     Lair:4 |    2751 |       0 |   0.0 |      15 |       0 |   0.0
     Lair:5 |    6865 |    2561 |  27.2 |      30 |       7 |  18.9
     Lair:6 |    5451 |    7457 |  57.8 |      16 |      27 |  62.8
    Swamp:1 |    5405 |       0 |   0.0 |      15 |       0 |   0.0
    Swamp:2 |    8909 |    1691 |  16.0 |      16 |       1 |   5.9
    Swamp:3 |    9384 |    6111 |  39.4 |      36 |       4 |  10.0
    Swamp:4 |    5537 |   10144 |  64.7 |      25 |      24 |  49.0
    Snake:1 |   14180 |     367 |   2.5 |      40 |       1 |   2.4
    Snake:2 |   11094 |       0 |   0.0 |      26 |       0 |   0.0
    Snake:3 |   12879 |    9820 |  43.3 |      23 |      10 |  30.3
    Snake:4 |   12585 |   34550 |  73.3 |      35 |      63 |  64.3
      Orc:1 |    3457 |     936 |  21.3 |      41 |       2 |   4.7
      Orc:2 |    4652 |    7385 |  61.4 |      29 |      38 |  56.7
   Vaults:1 |   18371 |   18000 |  49.5 |      40 |      31 |  43.7
   Vaults:2 |   22644 |    6396 |  22.0 |      53 |      13 |  19.7
   Vaults:3 |   25606 |   18966 |  42.6 |      57 |      22 |  27.8
   Vaults:4 |   17196 |   31194 |  64.5 |      50 |      48 |  49.0
   Depths:1 |   32287 |   12216 |  27.4 |      49 |      15 |  23.4
   Depths:2 |   21912 |   31712 |  59.1 |      44 |      30 |  40.5
   Depths:3 |   21777 |    8237 |  27.4 |      37 |      28 |  43.1
   Depths:4 |       0 |   23719 | 100.0 |       0 |      29 | 100.0
      Sewer |       0 |      80 | 100.0 |       0 |      19 | 100.0
 Desolation |       0 |   34797 | 100.0 |       0 |      85 | 100.0
            +---------+---------+-------+---------+---------+-------
